AoeStats
← Kiritastrich

Migration

506526571Analyzed
1v1 RM · 18d ago on Sep 13, 2026· 38m 11s· 2 players
Game mode
Random Map
Map size
132×132
Population
200
Speed
Normal
Resources
Standard
Victory
Conquest
Starting age
Dark Age
Ending age
Imperial Age
RankedLock teamsTeams togetherTeam positionsShared explorationLock speedFull tech treeHidden civsTurbo modeCheats
Victory
Defeat
🇷🇺 Wu · Russia
1821
+21
🇺🇸 Japanese · United States
1935
-21
BB3097790
11:59 Feudal Age
15:44 Castle Age
13:52 Fishing Lines
14:14 Double-Bit Axe
15:07 Fletching
16:41 Medium Warships
16:30 Bodkin Arrow
16:45 Gillnets
20:29 Forging
20:39 Bow Saw
21:37 Gold Mining
21:37 Stone Mining
23:37 Loom
24:28 Wheelbarrow
23:38 Town Watch
24:56 Clinker Construction
25:51 Ballistics
31:20 Imperial Age
36:08 Heavy Warships
Kiritastrich
13:09 Feudal Age
14:16 Double-Bit Axe
14:15 Fishing Lines
17:04 Castle Age
15:16 Forging
18:04 Medium Warships
18:12 Gold Mining
20:03 Iron Casting
20:57 Gillnets
21:33 Demolition Ship
25:02 Clinker Construction
24:58 Siphons
28:19 Imperial Age
26:26 Loom
30:10 Heavy Warships
32:27 Fletching
34:28 Ballistics
37:51 Bodkin Arrow
Connection lost

Rejoining the realm…

Still unreachable

The connection could not be restored.

Session expired

The server has moved on; the page needs a fresh start.